 Dungeon Crawl Stone Soup version 0.32-a0-656-g3542139ebd (webtiles) character file.

Game seed: 14700001524269782126

1929 Dittersdorf the Shield-Bearer (level 9, -2/57 HPs)
             Began as a Gargoyle Fighter on Mar 8, 2024.
             Was an Initiate of Gozag.
             Slain by an orc warrior
             ... wielding a +0 trident
              (3 damage)
             ... on level 7 of the Dungeon.
             The game lasted 00:06:14 (4887 turns).

Dittersdorf the Shield-Bearer (Gargoyle Fighter)    Turns: 4887, Time: 00:06:14

Health: -2/57      AC: 20    Str: 24    XL:     9   Next: 17%
Magic:  9/9        EV:  8    Int:  9    God:    Gozag
Gold:   613        SH:  5    Dex:  9    Spells: 8/8 levels left

rFire   + + .        k - +3 flail (heavy)
rCold   . . .        c - +0 buckler
rNeg    + . .        s - +1 chain mail
rPois   ∞            (no helmet)
rElec   +            A - +0 cloak
rCorr   +            y - +0 pair of gloves of the Evening {rF++}
SInv    +            (no boots)
Will    .....        (no amulet) Stlth
                     g - ring of resist corrosion
HPRegen 0.29/turn    a - ring of see invisible
MPRegen 0.11/turn

%: no passive effects
@: gold aura
A: sickness immunity, AC +6, negative energy resistance 1, electricity
resistance, torment resistance 1, petrification resistance
a: Renounce Religion, Potion Petition, Call Merchant, Bribe Branch


You were on level 7 of the Dungeon.
You worshipped Gozag.
Gozag was pleased with you.
You visited 2 branches of the dungeon, and saw 8 of its levels.

You collected 659 gold pieces.
You paid 46 gold pieces to Gozag.

Inventory:

Hand Weapons
 h - a +0 morningstar
 k - a +3 heavy flail (weapon)
Armour
 c - a +0 buckler (worn)
 s - a +1 chain mail (worn)
 y - the +0 pair of gloves of the Evening (worn) {rF++}
   (You found it on level 5 of the Dungeon)

   rF++:      It greatly protects you from fire.
 A - a +0 cloak (worn)
Jewellery
 a - a ring of see invisible (right hand)
 g - a ring of resist corrosion (left hand)
Wands
 v - a wand of flame (20) (quivered)
 w - a wand of light (5)
Scrolls
 e - 2 scrolls of brand weapon
 f - a scroll of fog
 j - a scroll of enchant weapon
 l - a scroll of teleportation
 n - a scroll of fear
 t - 2 scrolls of revelation
Potions
 b - 3 potions of curing
 d - a potion of might
 m - 2 potions of mutation
 p - a potion of heal wounds
 q - a potion of invisibility
 u - a potion of magic
 x - 2 potions of haste


   Skills:
 + Level 7.2 Fighting
 + Level 6.1 Maces & Flails
 + Level 7.2 Armour
 + Level 7.2 Shields


You had 8 spell levels left.
You didn't know any spells.
Your spell library contained the following spells:

 Spells                   Type           Power      Damage    Failure   Level
 Sting                    Conj/Alch      0%         1d3       92%         1
 Ensorcelled Hibernation  Hex/Ice        0%         N/A       98%         2
 Mercury Vapours          Alch/Air       0%         N/A       98%         2
 Fugue of the Fallen      Necr           0%         N/A       100%        3
 Tukima's Dance           Hex            0%         N/A       100%        3
 Anguish                  Hex/Necr       0%         N/A       100%        4
 Animate Armour           Summ/Erth      0%         N/A       100%        4
 Olgreb's Toxic Radiance  Alch           0%         N/A       100%        4
 Passage of Golubria      Tloc           0%         N/A       100%        4
 Summon Lightning Spire   Summ/Air       0%         N/A       100%        4
 Lee's Rapid Deconstruct  Erth           0%         3d4*      100%        5
 Yara's Violent Unravell  Hex/Alch       0%         3d3       100%        5


Dungeon Overview and Level Annotations

Branches:
Dungeon (7/15)             Temple (1/1) D:4

Altars:
Ashenzari
Cheibriados
Dithmenos
Elyvilon
Gozag
Hepliaklqana
Kikubaaqudgha
Makhleb
Nemelex Xobeh
Okawaru
Ru
Sif Muna
Trog
Uskayaw
Vehumet
Wu Jian
Xom
Yredelemnul
Zin
The Shining One

Shops:
D:3 (


Innate Abilities, Weirdness & Mutations

You are immune to sickness and miasma.
Your stone body is resilient. (AC +6)
You are immune to poison.
You resist negative energy. (rN+)
You are resistant to electric shocks. (rElec)
You are resistant to unholy torment.
You are immune to petrification.


Message History

The orc priest hits you but does no damage.
You are too injured to fight recklessly!
You are too injured to fight recklessly!
You are too injured to fight recklessly!
You are too injured to fight recklessly!
You are too injured to fight recklessly!
You are too injured to fight recklessly!
You are too injured to fight recklessly!
You are too injured to fight recklessly!
You are too injured to fight recklessly!
You are too injured to fight recklessly!
You are too injured to fight recklessly!
You are too injured to fight recklessly!
You are too injured to fight recklessly!
You are too injured to fight recklessly!
You are too injured to fight recklessly!
You are too injured to fight recklessly!
You are too injured to fight recklessly!
You bludgeon the orc priest!!
You kill the orc priest!
The orc wizard is no longer distracted by gold.
The ice beast hits you but does no damage.
You block the orc wizard's attack. The orc warrior barely misses you.
The orc warrior hits you but does no damage.
The ice beast hits you but does no damage.
The orc wizard is distracted by your dazzling golden aura.
The orc wizard shouts!
The orc wizard is no longer distracted by gold.
The orc warrior hits you from afar with a +0 trident!
* * * LOW HITPOINT WARNING * * *
The orc wizard hits you but does no damage.
Items here: $ )) [[.
The ice beast attacks as it pursues you!
The ice beast hits you.
* * * LOW HITPOINT WARNING * * *
The ice beast freezes you!
* * * LOW HITPOINT WARNING * * *
The orc warrior hits you from afar with a +0 trident.
You die...
Your body crumbles into a pile of gold.

#....#..#### ####.#..#
#.#..# ####### #.#..####
## #.....#######........
...#....................
......o.................
.......Y.)..............
.....o.@................
........................
....############........
.... #........ ...
#........ .. #........
#........ ###.#=#..
#.#.###


You could see an orc warrior, an ice beast and an orc wizard (invisible).

Vanquished Creatures
  A hornet (D:7)
  Eustachio (D:5)
  An ice beast (D:6)
  A sky beast (D:5)
  2 black bears
  2 ogres
  A centaur (D:6)
  A phantom (D:4)
  A bullfrog (D:7)
  2 scorpions (D:4)
  2 bombardier beetles
  4 hounds
  3 jellies
  2 orc priests (D:7)
  A sleepcap (D:4)
  Ijyb (D:4)
  2 iguanas (D:5)
  3 orc wizards
  9 adders
  A gnoll (D:1)
  A shadow imp (D:6)
  2 white imps
  4 dart slugs
  12 orcs
  7 ball pythons
  7 endoplasms
  7 giant cockroaches
  8 goblins
  5 hobgoblins
  4 quokkas
  4 bats
  2 frilled lizards
  10 kobolds
  A rat (D:2)
115 creatures vanquished.

Notes
Turn   | Place    | Note
-------+----------+-------------------------------------------
     0 | D:1      | Dittersdorf the Gargoyle Fighter began the quest for the
                  | Orb.
     0 | D:1      | Reached XP level 1. HP: 14/14 MP: 1/1
   183 | D:1      | Reached XP level 2. HP: 19/19 MP: 2/2
   559 | D:1      | Reached XP level 3. HP: 20/24 MP: 3/3
  1056 | D:2      | Reached XP level 4. HP: 29/29 MP: 4/4
  1374 | D:3      | Noticed a +0 quick blade
  1376 | D:3      | Found Moseten's Weapon Emporium.
  1378 | D:3      | Noticed a +0 bardiche
  1589 | D:3      | Reached XP level 5. HP: 24/33 MP: 5/5
  1824 | D:4      | Found a staircase to the Ecumenical Temple.
  1881 | Temple   | Entered the Ecumenical Temple
  1895 | Temple   | Became a worshipper of Gozag Ym Sagoz the Greedy
  1985 | D:4      | Noticed Ijyb
  1992 | D:4      | Killed Ijyb
  1993 | D:4      | Reached XP level 6. HP: 31/39 MP: 6/6
  2172 | D:4      | Noticed a black bear
  2181 | D:4      | Killed a black bear
  2182 | D:4      | Reached skill level 5 in Fighting
  2182 | D:4      | Reached skill level 5 in Armour
  2182 | D:4      | Reached skill level 5 in Shields
  2182 | D:4      | Reached XP level 7. HP: 34/44 MP: 7/7
  2735 | D:5      | Entered Level 5 of the Dungeon
  3315 | D:5      | Identified the +0 pair of gloves of the Evening {rF++}
  3484 | D:5      | Reached XP level 8. HP: 51/51 MP: 8/8
  3833 | D:6      | Noticed Eustachio
  3853 | D:5      | Killed Eustachio
  3854 | D:5      | Reached skill level 5 in Maces & Flails
  4658 | D:7      | Reached XP level 9. HP: 56/56 MP: 9/9
  4669 | D:7      | Noticed a hornet
  4676 | D:7      | Killed a hornet
  4887 | D:7      | HP: 1/57 [ice beast (12)]
  4887 | D:7      | Slain by an orc warrior

Illustrated notes

Levels and vault maps discovered:
D:1:      minmay_arrival_stair_chambers, layout_loops_ring
D:2:      layout_basic
D:3:      layout_rooms, serial_shops, nicolae_shop_mannequins,
          grunt_ministairs_11, nrook_uturn, minmay_statues_item
D:4:      kb_forest_paths, layout_basic, uniq_ijyb
D:5:      layout_basic
D:6:      layout_gridville, feat_on_display, uniq_eustachio
D:7:      layout_basic, due_unseen_surprise
Temple:   nicolae_temple_slightly_damp_pantheon

Skill      XL: |  1  2  3  4  5  6  7  8  9 |
---------------+----------------------------+-----
Fighting       | 4 5 6 7 |  7.2
Shields        | 4 5 6 7 |  7.2
Armour         | 4 5 6 7 |  7.2
Maces & Flails | 3 4 5 6 |  6.1

Action                     |  1- 3 |  4- 6 |  7- 9 || total
---------------------------+-------+-------+-------++-------
  Melee: Flail             |   100 |   104 |   152 ||   356
  Evoke: Wand              |       |       |     3 ||     3
    Use: Scroll            |       |       |    18 ||    18
 Armour: Scale mail        |    48 |    13 |       ||    61
         Chain mail        |       |    60 |   139 ||   199
  Dodge: Dodged            |    47 |    76 |   117 ||   240
  Block: Buckler           |    21 |    23 |    58 ||   102

Table legend: (Time is in decaauts)
 A = Elapsed time spent in this place.
 B = Non-inter-level travel time spent in this place.
 C = Inter-level travel time spent in this place.
 D = Time resting spent in this place.
 E = Time spent auto-exploring this place.
 F = Levels seen in this place.
 G = Mean time per level.
                   A        B        C        D        E       F      G
               +--------+--------+--------+--------+--------+-----+--------+
         Total |   5033 |   4756 |    277 |    432 |   3221 |   8 |  629.1 |
       Dungeon |   5004 |   4753 |    251 |    432 |   3221 |   7 |  714.9 |
        Temple |     28 |      2 |     26 |      0 |      0 |   1 |   28.0 |
               +--------+--------+--------+--------+--------+-----+--------+

Top non-repeatable levels by time:
     D:5: 1090 daAuts
     D:4: 1031 daAuts
     D:1: 704 daAuts
     D:3: 680 daAuts
     D:6: 537 daAuts
     D:2: 498 daAuts
     D:7: 462 daAuts
  Temple: 28 daAuts
